[Event "LR Global GM Aspirant-1 2024"]
[Site "Dhaka"]
[Date "2024.02.16"]
[Round "6.4"]
[White "Siddharth, Jagadeesh"]
[Black "Murshed, Niaz"]
[Result "1/2-1/2"]
[ECO "C50"]
[WhiteElo "2457"]
[BlackElo "2363"]
[Annotator "TA"]
[PlyCount "104"]
[EventDate "2024.02.12"]
[EventType "tourn"]
[EventCountry "BAN"]
[SourceTitle "playchess.com"]
[Source "ChessBase"]
[SourceQuality "1"]
[TimeControl "5400+30"]

1. e4 e5 2. Nf3 Nc6 3. Bc4 Bc5 4. Nc3 Nf6 5. d3 h6 6. O-O O-O 7. h3 Re8 8. a3 a6 {[%emt 0:00:54] C50: Hungarian Defence and Giuoco Pianissimo.} 9. Be3 Bf8 10. Re1 d6 11. d4 $146 ({Predecessor:} 11. Nd5 Nxd5 12. Bxd5 Ne7 13. Ba2 Ng6 14. d4 exd4 15. Bxd4 Be6 16. Bd5 c6 17. Bxe6 Rxe6 {0-1 Alekseenko,K (2707)-Anton Guijarro,D (2662) ESP-chT CECLUB Honor 2022 (5.1)}) 11... b5 12. Ba2 Bb7 13. d5 Ne7 14. Nd2 c6 15. dxc6 Bxc6 16. Qf3 Ng6 $1 17. Rad1 (17. Qg3 $5) 17... Qe7 18. h4 Bd7 ({But not} 18... Nxh4 $6 19. Qg3 $16) 19. Nd5 Nxd5 20. Bxd5 Rac8 21. h5 Nf4 $1 22. Bxf4 exf4 23. Qxf4 Rxc2 24. Nf3 Qf6 (24... Rxb2 $2 {perishes.} 25. Qc1 $18) 25. Qxf6 gxf6 26. b3 Be7 27. Nd4 Rc3 28. Ne2 Rc2 29. Nf4 (29. b4 $14) 29... Kf8 $11 30. b4 Rec8 31. Bb3 Rb2 32. Rd3 Rc6 33. Red1 Bd8 34. Rxd6 Rxd6 35. Rxd6 Bc7 36. Rxd7 Rb1+ (36... Bxf4 $11 {remains equal.} 37. Rxf7+ Ke8) 37. Rd1 $16 Rxd1+ 38. Bxd1 Bxf4 39. a4 bxa4 40. Bxa4 Bd2 41. b5 axb5 42. Bxb5 Ke7 43. Bc4 Bc1 44. Kf1 Bb2 45. Ke2 Bd4 46. f4 Bb2 47. Kf3 Bc3 48. Kg4 Bb2 49. Kf5 Bc3 50. g4 Bd2 51. e5 fxe5 52. Kxe5 f6+ 1/2-1/2

[Event "LR Global GM Aspirant-1 2024"]
[Site "Dhaka"]
[Date "2024.02.16"]
[Round "6.5"]
[White "Aradhya, Garg"]
[Black "Mayank Chakraborty"]
[Result "1/2-1/2"]
[ECO "D31"]
[WhiteElo "2390"]
[BlackElo "2409"]
[Annotator "TA"]
[PlyCount "129"]
[EventDate "2024.02.12"]
[EventType "tourn"]
[EventCountry "BAN"]
[SourceTitle "playchess.com"]
[Source "ChessBase"]
[SourceQuality "1"]
[TimeControl "5400+30"]

1. d4 d5 2. c4 e6 3. Nc3 Bb4 4. e3 Ne7 5. Nf3 O-O 6. Bd2 {[%emt 0:08:21] D31: Queen's Gambit Declined: Semi-Slav without ...Nf6 (+ Marshall Gambit and Noteboom) and Exchange Variation lines without ...Nf6.} b6 7. a3 Bxc3 8. Bxc3 Ba6 9. b3 Nd7 10. Rc1 $146 ({Predecessor:} 10. Bd3 c5 11. cxd5 Bxd3 12. Qxd3 Nxd5 13. Bb2 cxd4 14. Qxd4 Qf6 15. Qxf6 N5xf6 16. Ke2 {½-½ Vykouk,J (2430)-Ovsejevitsch,S (2601) Ceske Budejovice 2017 (2)}) 10... Rc8 11. Bd3 Bb7 12. c5 bxc5 13. dxc5 Nxc5 14. Bxh7+ Kxh7 15. Qd4 Nf5 16. Qxc5 Qd6 17. Bb4 Qa6 18. Nd4 Rfe8 19. Nc6 Bxc6 20. Qxc6 Qb6 21. Qc5 Qa6 22. Qc6 Qb6 23. Qc5 Nd6 24. Qc2+ Kg8 25. Bc5 Qa5+ 26. b4 Qa6 27. Qe2 Qxa3 28. O-O Qa4 29. Ra1 Qb5 30. Qxb5 Nxb5 31. Bxa7 Ra8 32. Bc5 f6 33. f3 Kf7 34. Kf2 e5 35. Ra5 Rxa5 36. bxa5 Ra8 37. Ra1 Ra6 38. Bb4 Ke6 39. Rc1 c6 40. e4 Nd4 41. h4 Nb3 42. Rc3 Nd4 $1 43. h5 Nb5 44. exd5+ Kxd5 45. Rc5+ Ke6 46. f4 exf4 47. Kf3 Nc7 48. Bd2 Kd7 49. Rc1 (49. Kxf4 $2 Ne6+ 50. Kf5 Nxc5 $19) 49... Nd5 50. Rb1 (50. Bxf4 Rxa5 51. h6 Ra3+ 52. Kg4 gxh6 53. Bxh6 Ra4+ 54. Kf3 Nc7) 50... Ra7 51. Kg4 c5 52. Rc1 Kc6 53. Kf5 ({White should try} 53. Be1 $11) 53... Kb5 (53... Re7 $15 54. Re1 (54. Bxf4 Re2 $11) 54... Ne3+ 55. Kg6 c4) 54. Ke6 $11 Nb4 55. Bxf4 Rxa5 (55... Kxa5 56. Ra1+ (56. Rxc5+ Kb6 $18) 56... Kb6 57. Rxa7 Kxa7 58. Kf7 $18) 56. Bd6 Nd3 $1 57. Rb1+ Kc6 58. Rb8 Ra2 59. Rc8+ Kb5 60. g3 Rh2 61. g4 Rg2 62. Kf5 c4 63. Rc7 Rf2+ 64. Kg6 Rg2 $1 65. Kxg7 1/2-1/2

[Event "LR Global GM Aspirant-1 2024"]
[Site "Dhaka"]
[Date "2024.02.17"]
[Round "7.1"]
[White "Mayank Chakraborty"]
[Black "De Silva, L M S T"]
[Result "1/2-1/2"]
[ECO "C47"]
[WhiteElo "2409"]
[BlackElo "2398"]
[Annotator "RC"]
[PlyCount "83"]
[EventDate "2024.02.12"]
[EventType "tourn"]
[EventCountry "BAN"]
[SourceTitle "playchess.com"]
[Source "ChessBase"]
[SourceQuality "1"]
[TimeControl "5400+30"]

1. e4 e5 2. Nf3 Nc6 3. d4 exd4 4. Nxd4 Nf6 5. Nc3 Bb4 6. Nxc6 bxc6 7. Bd3 d5 8. exd5 O-O 9. O-O Bg4 10. f3 Bh5 11. Bg5 Qd6 12. Bxf6 Qxf6 13. dxc6 Bxc3 14. bxc3 Qxc3 15. Be4 Qc5+ 16. Kh1 Rad8 17. Qe2 f5 18. Bd3 Qxc6 19. Qf2 a5 20. Rae1 Bg6 21. Re5 Rd5 22. Qe2 Kh8 23. Re7 f4 24. Bxg6 hxg6 25. h3 Rd7 26. Re1 Rxe7 27. Qxe7 Kg8 28. Qe4 Rf6 29. Kh2 Kh7 30. Qd4 Re6 31. Rxe6 Qxe6 32. a4 Qa2 33. Qe4 Qb2 34. h4 Qf6 35. Kh3 Qf5+ 36. g4 Qf7 37. h5 Qf6 38. c4 Kh6 39. hxg6 c5 40. Qd5 Qg5 41. Qd6 Qh4+ 42. Kxh4 1/2-1/2

[Event "LR Global GM Aspirant-1 2024"]
[Site "Dhaka"]
[Date "2024.02.17"]
[Round "7.2"]
[White "Murshed, Niaz"]
[Black "Aradhya, Garg"]
[Result "0-1"]
[ECO "A22"]
[WhiteElo "2363"]
[BlackElo "2390"]
[Annotator "RC"]
[PlyCount "74"]
[EventDate "2024.02.12"]
[EventType "tourn"]
[EventCountry "BAN"]
[SourceTitle "playchess.com"]
[Source "ChessBase"]
[SourceQuality "1"]
[TimeControl "5400+30"]

1. c4 e5 2. Nc3 Nf6 3. g3 Bb4 4. Qc2 Nc6 5. Bg2 O-O 6. Nd5 Nxd5 7. cxd5 Ne7 8. a3 Ba5 9. e3 d6 10. Ne2 Bf5 11. e4 Bg6 12. O-O c6 13. dxc6 Nxc6 14. b4 Bb6 15. Qb3 Qf6 16. h3 Qe6 17. Rb1 Rac8 18. Qd1 f5 19. d3 fxe4 20. dxe4 Rxf2 21. Rxf2 Rf8 22. Bf4 Bh5 23. Qd2 Bxf2+ 24. Kxf2 exf4 25. gxf4 Qf6 26. f5 Bf7 27. Rc1 Ne5 28. Rc7 d5 29. Qd4 dxe4 30. Bxe4 Rd8 31. Qe3 Nc4 32. Qf4 Re8 33. Bf3 Qb6+ 34. Rc5 Ne5 35. Qd4 Nxf3 36. Kxf3 Bh5+ 37. Kg3 Bxe2 0-1

[Event "LR Global GM Aspirant-1 2024"]
[Site "Dhaka"]
[Date "2024.02.17"]
[Round "7.3"]
[White "Barua, Dibyendu"]
[Black "Siddharth, Jagadeesh"]
[Result "0-1"]
[ECO "C01"]
[WhiteElo "2404"]
[BlackElo "2457"]
[Annotator "TA"]
[PlyCount "94"]
[EventDate "2024.02.12"]
[EventType "tourn"]
[EventCountry "BAN"]
[SourceTitle "playchess.com"]
[Source "ChessBase"]
[SourceQuality "1"]
[TimeControl "5400+30"]

1. e4 e6 2. d4 d5 3. exd5 exd5 4. Bd3 Nc6 5. c3 Bd6 6. h3 Nge7 7. Qc2 {[%emt 0:05:24] C01: French: Exchange Variation.} Be6 8. Ne2 f6 $146 ({Predecessor:} 8... Qd7 9. Bf4 Bf5 10. Nd2 O-O-O 11. O-O Bxd3 12. Qxd3 Ng6 13. Bxd6 Qxd6 14. g3 Rde8 {0-1 Caruana,F (2776)-Bluebaum,M (2664) Titled Tuesday intern op 23rd Aug Late blitz 2022 (6)}) 9. Bf4 g5 10. Bxd6 Qxd6 11. Nd2 O-O-O 12. O-O-O Kb8 13. Rde1 Bc8 14. Ng3 h5 15. Re3 g4 16. h4 ({White should try} 16. hxg4 $11 hxg4 17. Rxh8 Rxh8 18. Ndf1) 16... f5 $1 $15 17. Bxf5 Nxf5 18. Nxf5 Qf6 19. Ng3 Qxf2 20. Qd3 Rdf8 (20... Qxg2 $2 21. Re2 $18) 21. Qe2 Qf6 22. Qe1 a5 23. Kb1 a4 24. a3 Bf5+ (24... b6 $17 25. Ka2 Qf2) 25. Nxf5 $11 Qxf5+ 26. Ka2 Qc2 27. Qd1 $2 (27. Re2 $11 {and White has nothing to worry.}) 27... Qxd1 $19 28. Rxd1 Rf2 29. g3 (29. c4 $142) 29... Rhf8 $19 30. c4 Na5 (30... Nxd4 $19 {Strongly threatening ...Rg2.} 31. cxd5 Nf5) 31. cxd5 {[%emt 0:00:37] [#]} Rg2 $1 32. Kb1 $2 (32. Re5 $17 {was forced.} b6 (32... Rxg3 33. d6 $16) 33. d6 cxd6 34. Rb5) 32... Rff2 $19 33. Kc1 Nb3+ 34. Nxb3 Rc2+ (34... axb3 35. Rxb3 Rf3 36. Rxf3 gxf3 37. Rf1 Rxg3 38. Kd2 $11) 35. Kb1 Rxb2+ (35... axb3 36. Rxb3 Rcd2 37. Re1 $16 (37. Rxd2 Rxd2 38. Rb5 Rg2 $16)) 36. Ka1 axb3 (36... Rxb3 37. Rxb3 axb3 38. Rd3 $17) 37. a4 Ka7 38. Rc3 Kb6 (38... Ra2+ $19 39. Kb1 Rab2+ (39... Rxa4 40. Rxb3 Re2 41. Rc3 $11) 40. Kc1 Kb8) 39. a5+ $2 {[%emt 0:00:22][%mdl 8192] [#]} (39. Rdd3 $17) 39... Kb5 $1 (39... Kxa5 40. Rxc7 Ra2+ 41. Kb1 $19) 40. a6 bxa6 41. Rxc7 Ra2+ 42. Kb1 Rgb2+ (42... Rxg3 43. d6 Kb6 44. Rdc1 $11) 43. Kc1 Rc2+ (43... Rh2 $142 44. Kb1 Rhb2+ 45. Kc1 Kb4 46. Rd3 Ka3 47. Rxb3+ Kxb3 48. Rb7+ Kc3 49. Rxb2 Rxb2 50. Kd1 Rd2+ (50... Kxd4 {leads to mate.} 51. Kc1 Kc3 52. Kd1 Rd2+ 53. Ke1 Kd3 54. Kf1 Ke3 55. Ke1 Rxd5 56. Kf1 Kf3 57. Kg1 Kxg3 58. Kf1 Re5 59. Kg1 Re1#) 51. Ke1 Kd3 (51... Rxd4 {is a self mate.} 52. Ke2 Rxd5 53. Ke3 a5 54. Kf4 Rc5 55. Ke3 a4 56. Kf2 Kd3 57. Kg2 a3 58. Kh1 a2 59. Kg1 a1=Q+ 60. Kh2 Rc2#) 52. Kf1 Kxd4 53. Kg1 Ke4 (53... Kxd5 54. Kf1 Ke4 55. Ke1 Ke3 56. Kf1 Kf3 57. Kg1 Rc2 58. Kh1 Kxg3 59. Kg1 Rc1#) 54. Kh1 Kf3 (54... Kxd5 55. Kg1 Ke4 56. Kf1 Kf3 57. Kg1 Rc2 58. Kh1 Kxg3 59. Kg1 Rc1#) 55. Kg1 Kxg3 (55... Rxd5 {gets mated.} 56. Kh2 Kf2 57. Kh1 Kxg3 58. Kg1 Rd1#) 56. Kf1 Kf3 (56... Rxd5 57. Ke2 Kf4 58. Kf2 g3+ 59. Ke2 a5 60. Kf1 Kf3 61. Ke1 a4 62. Kf1 Rd1#) 57. Ke1 Rxd5 58. Kf1 Rd1#) 44. Rxc2 $19 Rxc2+ 45. Kb1 a5 46. Rf1 a4 47. Rf8 a3 0-1

[Event "LR Global GM Aspirant-1 2024"]
[Site "Dhaka"]
[Date "2024.02.17"]
[Round "7.4"]
[White "Rahman, Ziaur"]
[Black "Mohammad Fahad, Rahman"]
[Result "1-0"]
[ECO "D45"]
[WhiteElo "2428"]
[BlackElo "2418"]
[Annotator "TA"]
[PlyCount "95"]
[EventDate "2024.02.12"]
[EventType "tourn"]
[EventCountry "BAN"]
[SourceTitle "playchess.com"]
[Source "ChessBase"]
[SourceQuality "1"]
[TimeControl "5400+30"]

1. Nf3 d5 2. e3 Nf6 3. c4 e6 4. Nc3 c6 5. b3 Bd6 6. Bb2 O-O 7. Be2 b6 8. d4 Bb7 9. O-O Nbd7 10. Qc2 Qe7 11. a4 a6 12. Bd3 dxc4 13. bxc4 {[%emt 0:00:30] White has an edge.} c5 {[%emt 0:00:30] [#]} 14. d5 $1 exd5 (14... Rab8 15. e4) 15. Nxd5 Nxd5 16. cxd5 Bxd5 17. Bxh7+ Kh8 18. Rfd1 $40 {[%emt 0:00:30][%mdl 128] White attacks.} (18. e4 $16 Bc6 19. Bf5) 18... Bxf3 $11 19. gxf3 {[%emt 0:00:30][%cal Bg2f3,Bf3f4][%mdl 32] Qf5 would now be deadly.} Nf6 (19... Be5 $11 20. Bxe5 Nxe5) 20. Bd3 $14 Rfd8 (20... Be5 $14) 21. Qe2 ({White should try} 21. f4 $16) 21... a5 ({Better is} 21... Be5 $14) 22. f4 $1 $16 Rac8 23. Ba6 {[%emt 0:00:30] A strong pair of Bishops.} Rb8 24. Bc4 (24. Kh1 $1 $18) 24... Kg8 (24... Bc7 $16 25. Rac1 Kg8) 25. Kh1 $1 $18 Re8 $2 {[%emt 0:00:30] [#]} (25... Qe4+ {is a better defense.} 26. f3 Qh7) 26. Qf3 $2 {[%emt 0:00:30] Active counter play!} (26. Qf1 $1 $18 {and the rest is easy.}) 26... Qe4 $16 27. Qxe4 Nxe4 28. Kg2 {[%emt 0:21:11] f3 is the strong threat. Black is weak on the light squares} Red8 $2 {[%emt 0:30:00][%mdl 8192] [#] Black cannot hold the game after this.} (28... Be7 $16) 29. Kf3 $1 $18 Nf6 30. Bxf6 gxf6 31. Rd5 Kf8 32. Rh5 Ke7 33. Rh7 Rf8 34. Rg1 b5 35. axb5 Rb7 36. Ra1 Bc7 37. h4 Bb6 (37... f5 $142 38. Rh5 (38. h5 Bd8 $18) 38... Kf6) 38. h5 Rd7 39. Rg7 f5 40. Rg5 Kf6 (40... Rh8 $142 41. Rxf5 Rh7) 41. h6 Rh8 42. Rh1 Bd8 43. h7 {[%emt 0:00:50] Rg8 would kill now.} Bc7 44. Rh6+ (44. b6 $142 Bxb6 45. Rg8 (45. Rh6+ Ke7 $18) 45... Rxh7 46. Rxh7) 44... Ke7 45. Rxf5 Kf8 46. b6 Bb8 47. Rc6 {[%emt 0:01:00] White threatens Rc8+ and mate.} Kg7 48. Rg5+ {[%emt 0:00:08] Weighted Error Value: White=0.32/Black=1.02.  Loses game:     	---       	Black=1      Missed win:     	White=1     	---        Mistake:       	White=3     	Black=6      Inaccurate:     	---       	Black=3      OK:         	White=9     	Black=4      Best:        	White=2     	Black=1      Strong:       	White=3     	---        Brilliant:      	White=1     	---} 1-0

[Event "LR Global GM Aspirant-1 2024"]
[Site "Dhaka"]
[Date "2024.02.17"]
[Round "7.5"]
[White "Liyanage, Ranindu Dilshan"]
[Black "Panesar Vedant"]
[Result "0-1"]
[ECO "C26"]
[WhiteElo "2366"]
[BlackElo "2452"]
[Annotator "TA"]
[PlyCount "126"]
[EventDate "2024.02.12"]
[EventType "tourn"]
[EventCountry "BAN"]
[SourceTitle "playchess.com"]
[Source "ChessBase"]
[SourceQuality "1"]
[TimeControl "5400+30"]

1. e4 e5 2. Nc3 Nf6 3. d4 exd4 4. Qxd4 Nc6 5. Qd3 Bc5 6. Bf4 {[%emt 0:00:00] C26: Vienna Game: 2...Nf6, sidelines .} O-O 7. f3 d5 8. O-O-O dxe4 $146 ({Predecessor:} 8... d4 9. Nb1 Be6 10. a3 Qe7 11. Bg5 h6 12. Bh4 Ne5 13. Qd2 Ng6 14. Bg3 Rfd8 {0-1 Mamedyarov,S (2782)-Le,Q (2709) Saint Louis Rapid 2021 (3)}) 9. Nxe4 Nxe4 10. Qxd8 Nxd8 11. fxe4 Ne6 12. Bg3 Be3+ 13. Kb1 Bf4 14. Ne2 Bxg3 15. Nxg3 Nf4 16. Nf5 Be6 17. g3 Ng6 18. Nd4 Rfe8 19. Nxe6 Rxe6 20. Rd7 Re7 21. Rxe7 Nxe7 22. Bc4 Ng6 23. Rd1 Ne5 24. Be2 Kf8 25. c3 Ke7 26. Kc2 f6 27. b3 a5 28. a4 c6 29. Rf1 Rd8 30. Re1 Nd7 31. Bg4 Ne5 32. Be2 $1 Rh8 33. Kd2 Nd7 34. Bg4 {[%emt 0:00:00] [#]} (34. Ke3 $11 {keeps the balance.}) 34... Nc5 $1 $17 35. Kc2 h5 36. Bf5 h4 37. g4 Kf7 ({Better is} 37... Rd8 $17 {next ...Kf7 is good for Black.} 38. e5 Kf7 39. exf6 Kxf6) 38. g5 (38. Rd1 $1 $11 g6 39. b4 gxf5 (39... Nxa4 $2 40. Rd7+ Kf8 41. Bxg6 $18) 40. exf5 axb4 (40... Nxa4 41. Rd7+ Kf8 42. Rxb7 $11) 41. cxb4 Nxa4 42. Rd7+ Kf8 43. Rxb7) 38... g6 $17 39. Bh3 Re8 (39... fxg5 $19 40. e5 Rd8 41. e6+ Ke7) 40. gxf6 Kxf6 (40... Rxe4 41. Rxe4 Nxe4 42. b4 axb4 (42... Nxf6 43. bxa5 Ke8 44. Bc8 $11) 43. cxb4 $15) 41. Rf1+ Kg5 42. Rg1+ Kh5 43. Bg4+ Kh6 44. Re1 (44. b4 $15 axb4 (44... Nxa4 45. Kb3 $15) (44... Nxe4 45. Re1 $15) 45. cxb4 Nxa4 46. Re1) 44... Kg5 ({Much worse is} 44... Nxe4 $6 45. Bd7 Re7 46. Bh3 $11) (44... Rxe4 $17 45. Rxe4 Nxe4) 45. h3 $2 (45. Rg1 $15 Kh6 (45... Rxe4 $2 46. Bf3+ Kf5 47. Bxe4+ Nxe4 48. Rf1+ Kg4 49. b4 $18) 46. Re1) 45... Rxe4 $19 46. Rxe4 $2 (46. Rg1 Re3 47. Rf1) 46... Nxe4 $19 47. b4 b6 48. Bf3 {[%emt 0:00:55] [#]} Kf4 $1 49. Bg2 Ke3 50. Kb3 Nd2+ 51. Kc2 Nf3 52. Kb3 Ne5 53. Kc2 g5 54. Kb3 c5 55. bxc5 bxc5 56. Bd5 Kf4 57. Kc2 Kg3 58. Be6 g4 59. hxg4 h3 60. Bd5 Nf3 61. g5 h2 62. g6 h1=Q (62... h1=R $2 {too greedy.} 63. g7 Rh4 64. g8=Q+ $18 (64. g8=B $2 Ne5 $19)) 63. g7 Qh7+ 0-1

[Event "LR Global GM Aspirant-1 2024"]
[Site "Dhaka"]
[Date "2024.02.18"]
[Round "8.2"]
[White "Mohammad Fahad, Rahman"]
[Black "Liyanage, Ranindu Dilshan"]
[Result "1-0"]
[ECO "D38"]
[WhiteElo "2418"]
[BlackElo "2366"]
[Annotator "TA"]
[PlyCount "93"]
[EventDate "2024.02.12"]
[EventType "tourn"]
[EventCountry "BAN"]
[SourceTitle "playchess.com"]
[Source "ChessBase"]
[SourceQuality "1"]
[TimeControl "5400+30"]

1. d4 d5 2. c4 e6 3. Nc3 Nf6 4. Nf3 Bb4 5. Qa4+ Nc6 6. e3 O-O 7. Bd2 a6 8. a3 Bxc3 9. Bxc3 Ne7 10. Qc2 {[%emt 0:00:36] White is slightly better.} b6 11. cxd5 exd5 12. Bd3 Bb7 13. O-O Ne4 14. Rac1 Rc8 15. Rfd1 Ng6 16. b4 Qe7 17. Bb2 f6 18. Nd2 f5 19. f4 Nh8 20. Nf3 Nf7 21. Qe2 b5 22. Bc3 Nfd6 23. Ne5 Nc4 24. Bxe4 fxe4 25. Ra1 Rce8 26. Rf1 Bc8 27. Kh1 Qe6 28. a4 Bd7 29. a5 $1 Kh8 30. Rac1 Rf6 31. g4 Bc8 32. Be1 Nxe5 (32... Qe7 $142) 33. dxe5 $16 Rf7 34. Rg1 d4 {[%emt 0:00:06] [#]} 35. Rc5 $1 {[%emt 0:00:14] f5 would now be deadly.} (35. exd4 Rxf4 36. Qe3 Rf7 $17) 35... g6 (35... Qb3 {was necessary.}) 36. exd4 $18 Bb7 {[%emt 0:02:11] Prevents d5. aiming for ...e3+.} 37. Qe3 Ref8 $2 (37... Bd5 38. Bh4 c6) 38. Bg3 $2 ({Better is} 38. f5 $18 gxf5 39. d5 (39. gxf5 Rxf5 40. d5 Bxd5 $18) 39... Bxd5 (39... Qxe5 $2 40. Bc3 $18) 40. gxf5 Rxf5 41. Rxd5) 38... Qxg4 $11 39. d5 {[%emt 0:00:05][%cal Oe5e6] Black must now prevent e6!} Rd8 $2 {[%emt 0:00:47][%mdl 8192] Loses the game.} (39... Kg8 $11) 40. e6 $18 (40. Qxe4 $2 Rxd5 41. Qg2 (41. Rxd5 $2 Rd7 $19) 41... Rxc5 42. Qxb7 Rc2 $19) 40... Re7 41. f5 {[%emt 0:07:23] Intending Be5+ and mate.} (41. Qxe4 Rxe6 42. Qd3 Kg8 $19) 41... Qf3+ {[%emt 0:00:14] Black is weak on the dark squares} 42. Qxf3 exf3 43. Rd1 (43. Bxc7 $2 Rxd5 44. Bg3 f2 $19 (44... gxf5 $2 45. Rxd5 h6 46. Rd8+ Kh7 47. Bf2 $18) (44... Rxf5 $2 45. Bf2 $19)) (43. Rxc7 $2 Rxc7 (43... f2 $2 44. Rxb7 fxg1=Q+ 45. Kxg1 $19) 44. h4 Rc2 $19 (44... f2 $2 45. Bxf2 Rxd5 46. Re1 $19)) 43... gxf5 44. Bh4 {[%emt 0:02:33] White threatens Bf6+ and mate.} f2 45. Kg2 ({Not} 45. Bxe7 Rxd5 46. Kg2 (46. Bf6+ Kg8 $14) 46... Rxc5+ 47. Kxf2 Rc2+ 48. Ke3 Kg7 $16) (45. Bxf2 Rxe6 46. Bg3 Re4 $11) 45... Rxe6 {[%emt 0:00:06] [#]} 46. Kxf2 $1 (46. Bxd8 Re1 47. Kxf2 (47. Bf6+ Kg8 $11) 47... Rxd1 $16) 46... Rd7 (46... Rxd5 $18 47. Rdxd5 (47. Rcxd5 Bxd5 48. Rxd5 Re4 $18) 47... Bxd5) 47. dxe6 {[%emt 0:00:09] Weighted Error Value: White=0.24 (precise) /Black=0.54.  Loses game:     	---       	Black=1      Missed win:     	White=1     	---        Mistake:       	---       	Black=4      Inaccurate:     	White=2     	Black=5      OK:         	White=10    	Black=15     Best:        	White=5     	Black=2      Strong:       	White=3     	---} 1-0

[Event "LR Global GM Aspirant-1 2024"]
[Site "Dhaka"]
[Date "2024.02.18"]
[Round "8.3"]
[White "Siddharth, Jagadeesh"]
[Black "Rahman, Ziaur"]
[Result "1-0"]
[ECO "D00"]
[WhiteElo "2457"]
[BlackElo "2428"]
[Annotator "TA"]
[PlyCount "53"]
[EventDate "2024.02.12"]
[EventType "tourn"]
[EventCountry "BAN"]
[SourceTitle "playchess.com"]
[Source "ChessBase"]
[SourceQuality "1"]
[TimeControl "5400+30"]

1. d4 d5 2. Nc3 e6 3. Bf4 Bb4 4. Qd3 Nf6 5. a3 Bd6 6. Bxd6 cxd6 7. e4 dxe4 8. Nxe4 {[%emt 0:00:07] The position is equal.} O-O 9. Nf3 Nc6 10. O-O-O d5 11. Nxf6+ Qxf6 12. Qe3 Bd7 13. Bd3 Rfc8 ({Black should play} 13... Qe7 $11) 14. h4 $1 $14 a6 15. h5 Qe7 16. g4 f6 (16... Na5 $1 $14) 17. Rde1 {[%emt 0:04:28] White is more active.} (17. g5 $142) 17... h6 (17... e5 $142) 18. c3 $16 e5 19. dxe5 Bxg4 (19... Nxe5 $16 20. Nxe5 Qxe5) 20. Rhg1 $18 f5 21. Nd4 Nxd4 22. Qxd4 {[%emt 0:00:03] Black must now prevent Rg3.} Qc5 $2 {[%emt 0:01:40][%mdl 8192] Black cannot hold the game after this.} (22... Rf8 $16 {is more resistant.} 23. Be2 (23. Qxd5+ Kh8 $16) 23... Rac8) 23. Qf4 d4 24. Bxf5 (24. f3 dxc3 25. Qb4 (25. fxg4 cxb2+ 26. Kd2 Qc3+ 27. Ke2 Rc5 $11) 25... cxb2+ (25... Bxf3 26. Bxf5 cxb2+ 27. Kxb2 $11) 26. Kxb2 Qf2+ (26... Bxh5 27. Bxf5 Qxb4+ 28. axb4 $17) 27. Ka1 Qxf3 (27... Bxf3 28. Rxg7+ Kxg7 29. Qe7+ Kh8 30. Qf6+ Kg8 31. Qe6+ Kh8 32. Qxh6+ Kg8 33. Qe6+ Kh8 34. Qh6+ Kg8 35. Qe6+ Kh8 36. Qh6+ $11) 28. Qb3+ Kh8 $17) 24... Bxf5 {[%emt 0:02:03] [#]} 25. Rxg7+ $3 {[%emt 0:00:32][%mdl 512] White mates.} Kxg7 26. Rg1+ (26. Qxf5 $2 {perishes.} Rc6 (26... dxc3 27. Rg1+ Kh8 28. Qf6+ Kh7 29. Qg7#) 27. Rd1 Re8 (27... dxc3 28. Rd7+) 28. Qg4+ Kh8 29. Rxd4 Qxe5 $19) 26... Kf7 27. Qxf5+ {[%emt 0:00:04] Weighted Error Value: White=0.08 (flawless) /Black=0.86.  Loses game:     	---       	Black=1      Mistake:       	White=1     	Black=4      Inaccurate:     	White=1     	Black=2      OK:         	White=7     	Black=6      Best:        	White=3     	---        Strong:       	White=1     	---} 1-0

[Event "LR Global GM Aspirant-1 2024"]
[Site "Dhaka"]
[Date "2024.02.18"]
[Round "8.4"]
[White "Aradhya, Garg"]
[Black "Barua, Dibyendu"]
[Result "1-0"]
[ECO "D46"]
[WhiteElo "2390"]
[BlackElo "2404"]
[Annotator "TA"]
[PlyCount "69"]
[EventDate "2024.02.12"]
[EventType "tourn"]
[EventCountry "BAN"]
[SourceTitle "playchess.com"]
[Source "ChessBase"]
[SourceQuality "1"]
[TimeControl "5400+30"]

1. d4 d5 2. c4 e6 3. Nf3 Nf6 4. Nc3 c6 5. e3 Nbd7 6. Qc2 Be7 7. b3 O-O 8. Bd3 b6 9. O-O Bb7 10. Bb2 Rc8 11. Rad1 h6 12. Qe2 Qc7 13. e4 dxe4 14. Nxe4 {[%emt 0:00:00] White has an edge.} Nxe4 15. Bxe4 Nf6 16. Bb1 Rfd8 {[%emt 0:09:21] [#]} 17. c5 bxc5 $11 18. dxc5 Bxc5 (18... Qa5 $1 $15 19. Bd3 Bxc5) 19. Bxf6 gxf6 20. Qc2 $1 Bb6 $2 {[%emt 0:04:14][%mdl 8192] Black is on the road to losing.} (20... Rxd1 $11 {and Black stays safe.} 21. Rxd1 Rd8) 21. Qh7+ $18 Kf8 22. Qxh6+ Ke7 {[%emt 0:00:22] [#] ...Rh8 is the strong threat.} 23. Nh4 $1 {[%emt 0:00:00][%cal Oh4g6] White threatens Ng6+! and mate.} Rd5 24. Rxd5 cxd5 {[%emt 0:01:53] [#]} 25. Nf5+ $1 exf5 $2 (25... Kd7) 26. Re1+ Qe5 27. Rxe5+ fxe5 28. Bxf5 Rc6 29. Qg5+ Kf8 30. h4 {[%emt 0:00:00][%cal Bh2h4,Bh4h5,Bh5h6][%mdl 32] Black must now prevent h5.} e4 31. h5 {[%emt 0:00:00] aiming for h6.} Rc2 32. h6 {[%emt 0:00:00] White wants to mate with Qg7+.} Rxf2 33. Qg7+ {[%emt 0:00:00] White mates.} Ke7 34. Qe5+ Kd8 35. Qd6+ {[%emt 0:00:00] Weighted Error Value: White=0.16 (very precise) /Black=0.84.  Loses game:     	---       	Black=1      Mistake:       	White=1     	Black=2      Inaccurate:     	White=1     	Black=1      OK:         	White=2     	Black=3      Best:        	White=3     	---        Strong:       	White=3     	---} 1-0